 Seeded DCSS version 0.28-a0-863-g8cecda6153 (webtiles) character file.

Game seed: 20211011 (custom seed)

784 a11behringer the Cleaver (level 7, -2/61 HPs)
             Began as a Hill Orc Fighter on Nov 16, 2021.
             Slain by a sky beast (6 damage)
             ... on level 5 of the Dungeon.
             The game lasted 00:13:07 (5448 turns).

a11behringer the Cleaver (Hill Orc Fighter)         Turns: 5448, Time: 00:13:07

Health: -2/61      AC: 11    Str: 21    XL:     7   Next: 86%
Magic:  16/16      EV:  7    Int:  8    God:
Gold:   289        SH:  4    Dex: 10    Spells: 6/6 levels left

rFire   . . .      SeeInvis .   a - +0 war axe
rCold   . . .      Faith    .   c - +0 buckler
rNeg    . . .      Spirit   .   o - +0 chain mail
rPois   .          Reflect  .   v - +0 helmet
rElec   .          Harm     .   (no cloak)
rCorr   .          Rampage  .   (no gloves)
Will    .....                   (no boots)
Stlth   ..........              (no amulet)
HPRegen 0.20/turn               j - ring of magical power
MPRegen 0.15/turn               (no ring)

@: mighty
A: no striking features
a: no special abilities


You were on level 5 of the Dungeon.
You visited 1 branch of the dungeon, and saw 5 of its levels.

You collected 289 gold pieces.

Inventory:

Hand Weapons
 a - a +0 war axe (weapon)
 w - a +0 arbalest
 z - a +0 shortbow
Missiles
 l - 45 bolts
 s - 3 boomerangs (quivered)
 t - 17 poisoned darts
 A - 22 arrows
Armour
 b - a +0 scale mail
 c - a +0 buckler (worn)
 o - a +0 chain mail (worn)
 v - a +0 helmet (worn)
Magical Staves
 B - a staff of conjuration
 C - a staff of air
Jewellery
 j - a ring of magical power (left hand)
 y - a ring of fire
Scrolls
 g - 2 scrolls of identify {unknown}
 h - 2 scrolls of blinking {unknown}
 q - a scroll of fear {unknown}
 r - 3 scrolls of vulnerability {unknown}
 u - a scroll of immolation {unknown}
Potions
 e - a potion of haste {unknown}
 f - a potion of ambrosia {unknown}
 i - a potion of heal wounds {unknown}
 k - a potion of brilliance {unknown}
 m - 2 potions of curing
 n - a potion of flight {unknown}
 p - a potion of mutation {unknown}
 x - a potion of degeneration {unknown}


   Skills:
 + Level 5.1 Fighting
 * Level 9.2 Axes
 + Level 5.0 Armour
 + Level 4.1 Shields


You had 6 spell levels left.
You didn't know any spells.
Your spell library was empty.

Dungeon Overview and Level Annotations

Branches:
Dungeon (5/15)
 Temple: D:4-7

Altars:
Xom

Shops:
D:3 [   D:4 (


Message History

You miss something.
A sky beast appears from thin air!
Reactivating autopickup.
The sky beast hits you. The sky beast shocks you.
* * * LOW HITPOINT WARNING * * *
You hit the sky beast.
The sky beast is moderately wounded.
The sky beast hits you but does no damage.
You miss the sky beast.
The sky beast is moderately wounded.
The sky beast hits you but does no damage.
You barely miss the sky beast.
The sky beast is lightly wounded.
The sky beast hits you.
* * * LOW HITPOINT WARNING * * *
The sky beast shocks you.
* * * LOW HITPOINT WARNING * * *
It was a potion of curing.
You feel better.
The sky beast hits you but does no damage.
You feel very mighty all of a sudden.
The sky beast hits you but does no damage.
You closely miss the sky beast.
The sky beast is lightly wounded.
The sky beast barely misses you.
You barely miss the sky beast.
The sky beast is lightly wounded.
You block the sky beast's attack.
The sky beast flickers out of sight!
Deactivating autopickup; reactivate with Ctrl-A.
Something hits you. Something shocks you.
* * * LOW HITPOINT WARNING * * *
You miss something. Something hits you.
* * * LOW HITPOINT WARNING * * *
Something shocks you.
* * * LOW HITPOINT WARNING * * *
You miss something. Something hits you but does no damage.
You hit something. You miss something. Something hits you but does no damage.
You barely miss something. Something hits you.
* * * LOW HITPOINT WARNING * * *
Something shocks you.
You die...

#### ..# ## #.#
#########.. #######.##
##...##....# .........#
##.....#.#..#
.........###..........#
...........#.........###
......{@.|.........†...#
.........#..#...........
#........##.......#.#.##
#........#..........#.#
#........#.#<.........#
#####......#.......#..#
#.##.<.........#.... ..
#.#...........##.
#................


There were no monsters in sight!

Vanquished Creatures
  Menkaure (D:4)
  A centaur (D:5)
  2 scorpions (D:4)
  2 orc priests
  A gnoll shaman (D:3)
  An iguana (D:4)
  4 orc wizards
  Robin (D:4)
  9 adders
  5 gnolls
  An adder skeleton (D:4)
  A worm (D:4)
  4 dart slugs
  18 orcs
  4 ball pythons
  3 endoplasms
  14 goblins
  13 hobgoblins
  9 jackals
  2 quokkas
  4 bats
  A frilled lizard (D:2)
  5 kobolds
  2 rats (D:1)
  4 toadstools (D:1)
112 creatures vanquished.

Vanquished Creatures (others)
  6 fungi (D:1)
  A toadstool (D:1)
7 creatures vanquished.

Grand Total: 119 creatures vanquished

Notes
Turn   | Place    | Note
-------+----------+-------------------------------------------
     0 | D:1      | a11behringer the Hill Orc Fighter began the quest for the
                  | Orb.
     0 | D:1      | Reached XP level 1. HP: 19/19 MP: 1/1
    49 | D:1      | Reached skill level 3 in Axes
    49 | D:1      | Reached XP level 2. HP: 27/27 MP: 2/2
   479 | D:1      | Reached XP level 3. HP: 32/33 MP: 3/3
  1262 | D:2      | Found a shimmering altar of Xom.
  1349 | D:2      | Reached skill level 4 in Axes
  1381 | D:2      | Reached XP level 4. HP: 39/40 MP: 4/4
  1959 | D:2      | Found a faded altar of an unknown god.
  2213 | D:3      | Found Pakk's Armour Boutique.
  2547 | D:3      | Reached skill level 5 in Axes
  2547 | D:3      | Reached XP level 5. HP: 35/46 MP: 5/5
  2992 | D:3      | Reached skill level 6 in Axes
  3511 | D:3      | Reached XP level 6. HP: 45/53 MP: 6/6
  3827 | D:4      | Reached skill level 7 in Axes
  4141 | D:4      | Reached XP level 7. HP: 35/60 MP: 7/7
  4459 | D:4      | Noticed Robin
  4486 | D:4      | Killed Robin
  4621 | D:4      | Noticed Menkaure
  4627 | D:4      | Killed Menkaure
  4628 | D:4      | Reached skill level 5 in Fighting
  4628 | D:4      | Reached skill level 8 in Axes
  5062 | D:4      | Found Ixefiri's Antique Weapon Boutique.
  5393 | D:5      | Entered Level 5 of the Dungeon
  5418 | D:5      | Reached skill level 9 in Axes
  5418 | D:5      | Reached skill level 5 in Armour
  5448 | D:5      | Slain by a sky beast

Illustrated notes

Levels and vault maps discovered:
D:1:      minmay_arrival_wavy_path, layout_basic, minmay_gold_behind_fungi,
          kennysheep_small_spiral
D:2:      layout_basic, basic_altar, hellmonk_ecumenical_altar_prayer_group,
          minmay_quadrilaterals
D:3:      layout_basic, serial_shops, nicolae_shop_advertising_works
          [nicolae_subvault_shop_adworks]
D:4:      layout_loops_cross, serial_shops, nicolae_diamond_shop,
          grunt_ministairs_2, minmay_unequal, uniq_robin, uniq_menkaure
D:5:      minmay_razor_zed, layout_rooms, minmay_misc_feat_encased

Skill      XL: |  1  2  3  4  5  6  7 |
---------------+----------------------+-----
Axes           | 3 4 5 6 7 9 |  9.2
Fighting       | 4 5 |  5.1
Armour         | 4 5 |  5.0
Shields        | 4 |  4.1

Action                   |  1- 3 |  4- 6 |  7- 9 || total
-------------------------+-------+-------+-------++-------
Melee: War axe           |    96 |   180 |    97 ||   373
  Use: Potion            |       |       |     2 ||     2
Armor: Scale mail        |    38 |    32 |       ||    70
       Chain mail        |       |    72 |    53 ||   125
Dodge: Dodged            |    48 |    57 |    34 ||   139
Block: Buckler           |    25 |    32 |    22 ||    79

Table legend: (Time is in decaauts)
 A = Elapsed time spent in this place.
 B = Non-inter-level travel time spent in this place.
 C = Inter-level travel time spent in this place.
 D = Time resting spent in this place.
 E = Time spent auto-exploring this place.
 F = Levels seen in this place.
 G = Mean time per level.
                   A        B        C        D        E       F      G
               +--------+--------+--------+--------+--------+-----+--------+
         Total |   5533 |   4965 |    568 |      0 |   4086 |   5 | 1106.6 |
       Dungeon |   5533 |   4965 |    568 |      0 |   4086 |   5 | 1106.6 |
               +--------+--------+--------+--------+--------+-----+--------+

Top non-repeatable levels by time:
     D:3: 1924 daAuts
     D:4: 1325 daAuts
     D:2: 1180 daAuts
     D:1: 1047 daAuts
     D:5: 55 daAuts
